 Dungeon Crawl Stone Soup version 0.24-a0-378-g94936e5 (webtiles) character file.

Game seed: 2521556719809584570

39 topirishpotato the Shield-Bearer (level 3, -9/23 HPs)
             Began as a Gargoyle Fighter on June 2, 2019.
             Mangled by an iron dragon simulacrum (24 damage)
             ... on level 1 of the Abyss.
             The game lasted 00:01:59 (1101 turns).

topirishpotato the Shield-Bearer (Gargoyle Fighter) Turns: 1101, Time: 00:02:00

Health: -9/23      AC: 12    Str: 20    XL:     3   Next: 45%
Magic:  3/3        EV:  5    Int:  8    God:
Gold:   103        SH:  9    Dex:  9    Spells: 2/2 levels left

rFire    . . .     SeeInvis .   a - +0 flail
rCold    . . .     Gourm    .   c - +0 shield
rNeg     + . .     Faith    .   k - +0 chain mail
rPois    ∞         Spirit   .   (no helmet)
rElec    +         Reflect  .   (no cloak)
rCorr    .         Harm     .   (no gloves)
MR       .....                  (no boots)
Stlth    ..........             (no amulet)
HPRegen  0.07/turn              (no ring)
MPRegen  0.08/turn              (no ring)

@: no status effects
A: negative energy resistance 1, electricity resistance, unbreathing,
petrification resistance, rot immunity, AC +3
a: no special abilities


You were on level 1 of the Abyss.
You were hungry.

You visited 1 branch of the dungeon, and saw 2 of its levels.
You visited the Abyss 1 time.

You collected 103 gold pieces.

Inventory:

Hand Weapons
 a - a +0 flail (weapon)
Missiles
 n - 4 javelins (quivered)
Armour
 c - a +0 shield (worn)
 k - a +0 chain mail (worn)
Scrolls
 e - 2 scrolls of identify {unknown}
 g - a scroll of amnesia {unknown}
 l - a scroll of teleportation {unknown}
 m - 2 scrolls of remove curse {unknown}
Potions
 b - 2 potions of heal wounds {unknown}
 d - a potion of might
 h - 2 potions of flight {unknown}
 i - 2 potions of lignification {unknown}
 j - a potion of magic {unknown}
Comestibles
 f - a ration


   Skills:
 + Level 3.4 Fighting
 + Level 2.3 Maces & Flails
 + Level 3.7 Armour
 + Level 0.3 Dodging
 + Level 3.9 Shields


You had 2 spell levels left.
You didn't know any spells.
Your spell library was empty.

Dungeon Overview and Level Annotations

Branches:
Dungeon (2/15)

Altars:


Innate Abilities, Weirdness & Mutations

You are resistant to torment.
Your stone body is resilient. (AC +3)
You are immune to poison.
You resist negative energy. (rN+)
You are resistant to electric shocks. (rElec)
You can survive without breathing.
You are immune to petrification.
You are immune to rotting.


Message History

Space warps around you for a moment!
o - a +1 whip of distortion (weapon)
You are now empty-handed.
You drop a +1 whip of distortion.
You are cast into the Abyss!
To return, you must find a gate leading back.
Killing monsters will force the Abyss to allow you passage.
This branch contains the abyssal rune of Zot.
Found 49 gold pieces.
Wield which item (- for none, * to show all)? (? for menu, Esc to quit)
a - a +0 flail (weapon)
You now have 103 gold pieces (gained 49).
Found a robe.
Found a corrupted altar of Lugonu.
Found a fizzy dark potion.
Found a lajatang.
i - 2 fizzy dark potions (gained 1)
An iron dragon simulacrum comes into view.
The iron dragon simulacrum bites you!
The iron dragon simulacrum freezes you!!
Ouch! That really hurt!
You die...

..#.# #.#
.#....# ...#.###
# ....# #####
.##. #.#
##.#.###...## #
####....######.#
+.............#
# #.@.......###
##Z..####.#
##...# #.# #.#.#
#. #.#.# # #
##### .## .


You could see an iron dragon simulacrum.

Vanquished Creatures
  An adder (D:2)
  A dart slug (D:1)
  A leopard gecko (D:1)
  2 giant cockroaches
  A goblin (D:1)
  3 hobgoblins
  4 kobolds (D:1)
  7 bats
  5 frilled lizards (D:1)
  2 rats (D:1)
27 creatures vanquished.

Notes
Turn   | Place    | Note
-------+----------+-------------------------------------------
     0 | D:1      | topirishpotato the Gargoyle Fighter began the quest for the
                  | Orb.
     0 | D:1      | Reached XP level 1. HP: 14/14 MP: 1/1
   108 | D:1      | Reached XP level 2. HP: 7/19 MP: 2/2
   682 | D:1      | Reached XP level 3. HP: 20/23 MP: 3/3
  1053 | D:2      | Cast into level 1 of the Abyss (a distortion unwield)
  1084 | Abyss:1  | Found a corrupted altar of Lugonu.
  1094 | Abyss:1  | Noticed an iron dragon simulacrum
  1101 | Abyss:1  | Mangled by an iron dragon simulacrum

Levels and vault maps discovered:
D:1:      roderic_crossed_star, layout_loops_ring
D:2:      layout_loops_corners
Abyss:1

Action                   || total
-------------------------++-------
Melee: Flail             ||   122
Throw: Javelin           ||     2
Armor: Scale mail        ||    59
       Chain mail        ||    63
Dodge: Dodged            ||    63
Block: Shield            ||   116

Table legend:
 A = Non-vault XP
 B = Vault XP
 C = Vault XP percentage of total XP
 D = Non-vault monster count
 E = Vault monster count
 F = Vault count percentage of total count
                 A         B        C        D         E       F
            +---------+---------+-------+---------+---------+-------
      Total |      56 |       0 |   0.0 |      27 |       0 |   0.0
            +---------+---------+-------+---------+---------+-------
        D:1 |      37 |       0 |   0.0 |      23 |       0 |   0.0
        D:2 |      19 |       0 |   0.0 |       4 |       0 |   0.0
            +---------+---------+-------+---------+---------+-------
